Map: Eternal Empire LE

Players

A.I. 1 (Easy)

  • Race: Zerg Zerg
  • Spawn Location: 1:00

Hydra - Winner!

  • Race: Zerg Zerg
  • Spawn Location: 7:00

VOD

Have the link to the VOD?

Description

Time

  • Played on: Sept. 12, 2020, 2:21 p.m.
  • Length: 8:39
Show
View Real Time Build Order
Export as new Build Order

A.I. 1 (Easy) Zerg 

Build Orders: Pool First 

Get SALT Encoding   

  12  0:00  Drone  
  13  0:12  Overlord  
  13  0:16  Drone  
  14  0:30  Drone  
  14  0:35  Drone  
  16  0:44  Spawning Pool  
  16  0:45  Extractor  
  16  0:47  Drone  
  15  0:52  Drone  
  16  0:59  Overlord  
  16  1:30  Zergling x2  
  17  1:33  Queen, Roach Warren  
  17  1:36  Drone  
  19  1:40  Extractor  
  19  1:43  Zergling x2  
  19  1:44  Drone  
  20  2:07  Overlord  
  20  2:14  Roach  
  22  2:20  Drone  
  23  2:25  Drone  
  24  2:35  Drone  
  25  2:40  Roach, Drone  
  29  2:44  Drone  
  29  2:48  Drone  
  30  2:57  Overlord  
  30  3:08  Roach  
  32  4:24  Zergling x2  
  32  4:40  Zergling x2  
  32  5:22  Roach, Overlord, Drone, Lair  
  32  5:26  Drone  
  36  5:31  Drone  
  36  5:35  Drone  
  37  6:04  Zergling x2  
  31  6:19  Overseer x2  
  31  6:21  Hydralisk Den  
  31  6:23  Roach  
  32  6:41  Roach  
  32  6:43  Drone, Hatchery  
  34  7:00  Roach  
  36  7:18  Hydralisk  
  38  7:36  Hydralisk  
  39  7:51  Hydralisk  
  35  7:55  Drone  
  35  7:56  Queen  
  29  7:59  Drone  
  29  8:04  Drone  
  18  8:06  Zergling x2  
  18  8:08  Drone  
  18  8:12  Drone  
  21  8:17  Drone  
Show
View Real Time Build Order
Export as new Build Order

Hydra Zerg - Winner!

Build Orders: Pool First 

Get SALT Encoding   

  12  0:07  Drone  
  13  0:14  Drone  
  13  0:17  Overlord  
  14  0:39  Drone x2  
  16  0:51  Drone x2  
  18  1:00  Spawning Pool  
  18  1:02  Drone  
  18  1:07  Extractor  
  17  1:20  Drone  
  17  1:22  Hatchery  
  17  1:26  Drone  
  18  1:33  Drone  
  19  1:47  Drone  
  19  1:50  Queen  
  22  2:00  Overlord  
  22  2:17  Overlord  
  22  2:26  Drone  
  23  2:39  Drone  
  23  2:40  Drone x2  
  26  2:44  Metabolic Boost  
  26  3:02  Overlord  
  26  3:03  Overlord x5  
  26  3:04  Zergling x2  
  27  3:10  Queen  
  29  3:26  Extractor  
  28  3:28  Zergling x8  
  32  3:38  Baneling Nest  
  31  3:49  Drone x4  
  35  4:02  Queen  
  37  4:26  Drone x7  
  44  4:37  Queen  
  45  4:42  Extractor  
  45  4:43  Drone  
  45  4:44  Drone x3  
  45  4:45  Extractor  
  43  5:15  Zergling x2  
  43  5:16  Zergling x8  
  48  5:43  Zergling x2  
  48  5:44  Zergling x10  
  54  6:03  Zergling x2  
  54  6:04  Zergling x12  
  56  6:24  Zergling x2  
  56  6:25  Zergling x10  
  62  6:28  Lair  
  62  6:32  Zergling x4  
  64  7:12  Zergling x2  
  64  7:13  Zergling x10  
  64  7:55  Zergling x12  
  68  8:05  Baneling x8  
  67  8:06  Baneling x27  
  67  8:16  Zergling x2  
  67  8:17  Zergling x12  
Tags
 
Matchup
ZvZ
Race
Zerg
Replay Pack
test
Spawn Locations
Cross Positions
Add a new tag
Caveats
  • Supply blocks, unpowered buildings, or Contaminate may cause inaccurate times.
  • Supply counts are checked every 10 seconds.